 Dungeon Crawl Stone Soup version 0.28.0-53-g5a82cb258f (webtiles) character file.

Game seed: 9915770844259609781

175 safid the Chopper (level 5, -2/46 HPs)
             Began as a Hill Orc Fighter on Aug 9, 2022.
             Slain by Duvessa
             ... wielding a +3 short sword of venom
              (6 damage)
             ... on level 4 of the Dungeon.
             The game lasted 00:02:58 (3049 turns).

safid the Chopper (Hill Orc Fighter)                Turns: 3049, Time: 00:02:58

Health: -2/46      AC:  8    Str: 21    XL:     5   Next: 55%
Magic:  5/5        EV: 13    Int:  8    God:
Gold:   97         SH:  4    Dex: 10    Spells: 4/4 levels left

rFire   . . .      SeeInvis .   a - +0 war axe
rCold   . . .      Faith    .   c - +0 buckler
rNeg    . . .      Spirit   .   b - +0 scale mail
rPois   .          Reflect  .   u - +0 helmet
rElec   .          Harm     .   (no cloak)
rCorr   .          Rampage  .   (no gloves)
Will    +....                   (no boots)
Stlth   ..........              (no amulet)
HPRegen 0.15/turn               o - ring of willpower
MPRegen 0.09/turn               j - +4 ring of evasion

@: mighty, lethally poisoned (-2 -> -15)
A: no striking features
a: no special abilities


You were on level 4 of the Dungeon.
You visited 1 branch of the dungeon, and saw 4 of its levels.

You collected 97 gold pieces.

Inventory:

Hand Weapons
 a - a +0 war axe (weapon)
Missiles
 t - 3 poisoned darts (quivered)
Armour
 b - a +0 scale mail (worn)
 c - a +0 buckler (worn)
 u - a +0 helmet (worn)
Jewellery
 j - a +4 ring of evasion (right hand)
 o - a ring of willpower (left hand)
Scrolls
 e - 2 scrolls of identify {unknown}
 h - 3 scrolls of blinking {unknown}
 l - a scroll of summoning {unknown}
 n - a scroll of teleportation {unknown}
 p - a scroll of torment {unknown}
 q - a scroll of fear {unknown}
 r - a scroll of enchant weapon {unknown}
 s - a scroll of enchant armour {unknown}
Potions
 d - a potion of might
 f - a potion of haste {unknown}
 g - a potion of heal wounds {unknown}
 i - a potion of curing {unknown}
 k - a potion of attraction {unknown}
 m - a potion of lignification {unknown}


   Skills:
 - Level 4.0 Fighting
 + Level 6.1 Axes
 - Level 4.0 Armour
 - Level 4.0 Shields


You had 4 spell levels left.
You didn't know any spells.
Your spell library contained the following spells:

 Spells                   Type           Power      Damage    Failure   Level
 Blink                    Tloc           0%         N/A       92%         2
 Manifold Assault         Tloc           0%         N/A       100%        5
 Storm Form               Tmut/Air       0%         N/A       100%        7
 Borgnjor's Revivificati  Necr           0%         N/A       100%        8
 Necromutation            Tmut/Necr      0%         N/A       100%        8
 Death's Door             Necr           0%         N/A       100%        9


Dungeon Overview and Level Annotations

Branches:
Dungeon (4/15)
 Temple: D:4-7

Altars:
Cheibriados
Hepliaklqana

Annotations:
D:4 Dowan, Duvessa


Message History

Dowan casts a spell at Duvessa.
Duvessa seems to speed up.
You feel very mighty all of a sudden.
A hobgoblin comes into view.
Duvessa hits you with a +3 short sword of venom.
You are poisoned.
You closely miss Duvessa.
You feel very sick.
Duvessa hits you with a +3 short sword of venom!
You are more poisoned.
Unknown command.
You slice Duvessa!!
Duvessa is heavily wounded.
You feel extremely sick. Dowan gestures at you while chanting.
You resist with almost no effort.
Duvessa hits you with a +3 short sword of venom.
You are lethally poisoned!
You slash Duvessa!
Duvessa is severely wounded.
You feel extremely sick. Duvessa hits you but does no damage.
Duvessa misses you.
Unknown command.
You closely miss Duvessa.
Duvessa is severely wounded.
You barely miss the hobgoblin.
* * * LOW HITPOINT WARNING * * *
You feel extremely sick. You block Duvessa's attack.
The hobgoblin hits you but does no damage.
Dowan gestures at you while chanting. You resist with almost no effort.
Duvessa barely misses you. You block the hobgoblin's attack.
You barely miss Duvessa.
Duvessa is severely wounded.
You barely miss the hobgoblin.
* * * LOW HITPOINT WARNING * * *
You feel very sick.
Duvessa hits you with a +3 short sword of venom.
You die...

##.................##
###..............###
#............##...#
....##.......##..[.#
.... ......####....#
.. .#......##..####
........##...##
.......e......#
.....e.@.#...##
....g.g#######
....... .......
...$... <......
....... .....##


You could see Duvessa (fast), Dowan and 2 hobgoblins.

Vanquished Creatures
  An ogre (D:4)
  3 adders
  3 worms
  2 dart slugs
  An orc (D:4)
  7 ball pythons
  5 endoplasms
  4 giant cockroaches
  6 goblins
  2 hobgoblins
  2 jackals (D:4)
  2 quokkas
  A bat (D:2)
  A frilled lizard (D:2)
  3 kobolds
  8 rats
51 creatures vanquished.

Notes
Turn   | Place    | Note
-------+----------+-------------------------------------------
     0 | D:1      | safid the Hill Orc Fighter began the quest for the Orb.
     0 | D:1      | Reached XP level 1. HP: 19/19 MP: 1/1
   374 | D:1      | Reached skill level 3 in Axes
   374 | D:1      | Reached XP level 2. HP: 27/27 MP: 2/2
  1095 | D:2      | Reached XP level 3. HP: 30/33 MP: 3/3
  1634 | D:2      | Found a snail-covered altar of Cheibriados.
  1851 | D:2      | Reached XP level 4. HP: 40/40 MP: 4/4
  2045 | D:3      | Found a hazy altar of Hepliaklqana.
  2245 | D:3      | Reached skill level 4 in Axes
  2828 | D:3      | Found a faded altar of an unknown god.
  2930 | D:4      | Noticed an ogre
  2947 | D:4      | Killed an ogre
  2948 | D:4      | Reached skill level 6 in Axes
  2948 | D:4      | Reached XP level 5. HP: 46/46 MP: 5/5
  3041 | D:4      | Noticed Duvessa
  3042 | D:4      | Noticed Dowan
  3049 | D:4      | Slain by Duvessa

Illustrated notes

Levels and vault maps discovered:
D:1:      mrwooster_arrival_statue_3, layout_loops_ring
D:2:      layout_loops_corners, basic_altar
D:3:      layout_basic, mainiacjoe_overflow_cross_hatched, serial_corexii_hall,
          corexii_hall_statues_s, corexii_hall_statues_deadend,
          shapermc_ecumenical_altar_mp_vishouse
D:4:      layout_cave_pools, gammafunk_ghost_mausoleum, uniq_duvessa

Skill      XL: |  1  2  3  4 |
---------------+-------------+-----
Axes           | 3 6 |  6.1
Fighting       | 4 |  4.0
Armour         | 4 |  4.0
Shields        | 4 |  4.0

Action                   |  1- 3 |  4- 6 || total
-------------------------+-------+-------++-------
Melee: War axe           |    81 |    53 ||   134
Throw: Dart              |       |     2 ||     2
  Use: Potion            |       |     1 ||     1
Armor: Scale mail        |    28 |    14 ||    42
Dodge: Dodged            |    30 |    20 ||    50
Block: Buckler           |    13 |    10 ||    23
